 Dungeon Crawl Stone Soup version 0.31-a0-845-g9abc20d24f (webtiles) character file.

Game seed: 17037878345813880859

1699 Kurtz the Cleaver (level 9, 0/59 HPs)
             Began as an Octopode Fighter on Oct 1, 2023.
             Was a Believer of Okawaru.
             Slain by an ice beast (8 damage)
             ... on level 5 of the Dungeon.
             The game lasted 00:05:16 (5420 turns).

Kurtz the Cleaver (Octopode Fighter)                Turns: 5420, Time: 00:05:18

Health: 0/59       AC:  1    Str: 16 (18) XL:     9   Next: 3%
Magic:  11/11      EV: 14    Int:  8 (10) God:    Okawaru [**....]
Gold:   255        SH:  0    Dex: 12 (13) Spells: 8/8 levels left

rFire   . . .        g - +0 executioner's axe
rCold   . . .        (shield currently unavailable)
rNeg    . . .        (helmet restricted)
rPois   .            (no amulet)
rElec   .            (no ring)
rCorr   .            (no ring)
SInv    .            (no ring)
Will    .....        (no ring)
Stlth   ++++         (no ring)
HPRegen 0.29/turn    (no ring)
MPRegen 0.12/turn    (no ring)
                     (no ring)

%: no passive effects
@: brilliant
A: almost no armour, amphibious, 8 rings, camouflage 1, gelatinous body 1,
(nimble swimmer 1), tentacles
a: Renounce Religion, Heroism


You were on level 5 of the Dungeon.
You worshipped Okawaru.
Okawaru was pleased with you.
You visited 2 branches of the dungeon, and saw 6 of its levels.

You collected 255 gold pieces.

Inventory:

Hand Weapons
 a - a +0 war axe
 g - a +0 executioner's axe (weapon)
 q - a +1 flail of holy wrath
Missiles
 n - 7 curare-tipped darts
Armour
 b - a +0 buckler
Wands
 y - a wand of mindburst (15)
Scrolls
 i - 2 scrolls of noise {unknown}
 j - 3 scrolls of identify {unknown}
 k - a scroll of enchant armour {unknown}
 l - a scroll of summoning {unknown}
 s - a scroll of silence {unknown}
 u - a scroll of vulnerability {unknown}
 v - a scroll of acquirement {unknown}
 w - a scroll of fear {unknown}
 x - a scroll of teleportation {unknown}
 z - a scroll of enchant weapon {unknown}
Potions
 e - 2 potions of berserk rage {unknown}
 f - a potion of ambrosia {unknown}
 h - 2 potions of enlightenment {unknown}
 m - a potion of heal wounds {unknown}
 o - 3 potions of curing {unknown}
 p - a potion of haste {unknown}
 r - a potion of mutation {unknown}


   Skills:
 * Level 4.7 Fighting
 * Level 9.3 Axes
 * Level 3.6 Dodging
 - Level 4.4 Stealth
 * Level 3.5 Shields
 * Level 3.0 Invocations


You had 8 spell levels left.
You didn't know any spells.
Your spell library contained the following spells:

 Spells                   Type           Power      Damage    Failure   Level
 Kiss of Death            Conj/Necr      0%         2d5       41%         1
 Poisonous Vapours        Pois/Air       0%         N/A       54%         2
 Mephitic Cloud           Conj/Pois/Air  0%         N/A       78%         3
 Freezing Cloud           Conj/Ice/Air   0%         6-21      100%        5


Dungeon Overview and Level Annotations

Branches:
Dungeon (5/15)             Temple (1/1) D:4

Altars:
Ashenzari
Cheibriados
Dithmenos
Elyvilon
Fedhas
Gozag
Hepliaklqana
Kikubaaqudgha
Makhleb
Nemelex Xobeh
Okawaru
Qazlal
Ru
Sif Muna
Trog
Uskayaw
Yredelemnul
The Shining One

Shops:
D:2 (

Annotations:
D:5 1 runed translucent door, MathMan16's ghost, novice HONe
Temple 2 transporters


Innate Abilities, Weirdness & Mutations

You cannot wear most types of armour.
You are amphibious.
You can wear up to eight rings at the same time.
Your skin changes colour to match your surroundings (Stealth+).
Your rubbery body absorbs attacks. (AC +1, EV +1)
((You are camouflaged when in or above water. (Stealth+)))
You have tentacles for arms and can constrict up to eight enemies at once.


Message History

The helpless hound fails to defend itself.
You slice the hound!!
You kill the hound!
Okawaru accepts your kill.
No target in view!
No target in view!
An ice beast comes into view.
An ice beast is nearby!
An ice beast is nearby!
Found a stone staircase leading up.
The ice beast hits you. The ice beast freezes you!
You barely miss the ice beast. You squeeze the ice beast.
The ice beast is lightly wounded.
The ice beast hits you. The ice beast freezes you!
You barely miss the ice beast. You squeeze the ice beast.
The ice beast is moderately wounded.
The ice beast hits you. The ice beast freezes you! The ice beast hits you.
* * * LOW HITPOINT WARNING * * *
The ice beast freezes you!
* * * LOW HITPOINT WARNING * * *
You are too injured to fight recklessly!
You are too injured to fight recklessly!
Throw: throwing net
Press: ? - help, Q - select action, (/) - cycle Shift-Dir - straight line, f - ice beast
Aim: an ice beast (moderately wounded, 56% to hit)
You throw a throwing net.
The throwing net closely misses the ice beast.
The ice beast misses you.
It was a potion of brilliance.
You feel clever all of a sudden. The ice beast closely misses you.
You feel more clever all of a sudden. The ice beast closely misses you.
It was a potion of degeneration.
There was something very wrong with that liquid.
You feel weakened.
You feel dopey.
You feel clumsy. The ice beast hits you.
* * * LOW HITPOINT WARNING * * *
The ice beast freezes you!
You die...

.......##.##.
......[..(... ....#
............. #...#
.............##...##
..................<
..................#
..................#
...............Y..#
~...............@.####
~....................#
~~................##.#
.~.................#.#
.~.................#.#
.~...................#
~~.................#.#
~..................###
~..................#


You could see an ice beast.

Vanquished Creatures
  Eustachio (D:4)
  A wyvern (D:4)
  An orc warrior (D:4)
  Duvessa (D:4)
  A black bear (D:5)
  An ogre (D:5)
  A kobold brigand (D:3)
  8 scorpions
  Dowan (D:4)
  A hound (D:5)
  A jelly (D:5)
  A gnoll bouda (D:4)
  2 orc priests
  An iguana (D:5)
  3 orc wizards (D:4)
  Natasha (thrice) (D:4)
  5 adders
  An ufetubus (D:3)
  3 dart slugs
  17 orcs
  7 endoplasms
  2 giant cockroaches
  7 goblins
  7 hobgoblins
  5 jackals (D:4)
  8 kobolds
  2 quokkas
  7 ball pythons
  3 bats
  A frilled lizard (D:1)
  A rat (D:1)
104 creatures vanquished.

Notes
Turn   | Place    | Note
-------+----------+-------------------------------------------
     0 | D:1      | Kurtz the Octopode Fighter began the quest for the Orb.
     0 | D:1      | Reached XP level 1. HP: 16/16 MP: 1/1
   197 | D:2      | Reached XP level 2. HP: 18/21 MP: 2/2
   224 | D:2      | Reached skill level 3 in Axes
   297 | D:2      | Found Fetis's Weapon Shoppe.
   331 | D:2      | Reached XP level 3. HP: 19/26 MP: 3/3
   660 | D:2      | Reached skill level 1 in Stealth
  1080 | D:3      | Noticed a kobold brigand
  1084 | D:3      | Killed a kobold brigand
  1085 | D:3      | Reached skill level 4 in Axes
  1085 | D:3      | Reached XP level 4. HP: 14/31 MP: 4/4
  1085 | D:3      | Reached XP level 5. HP: 16/36 MP: 5/5
  2072 | D:4      | Noticed Dowan
  2074 | D:4      | Noticed Duvessa
  2200 | D:3      | Reached skill level 5 in Axes
  2320 | D:4      | Killed Duvessa
  2321 | D:4      | Reached XP level 6. HP: 27/42 MP: 6/6
  2597 | D:4      | Killed Dowan
  2598 | D:4      | Reached skill level 6 in Axes
  2723 | D:4      | Found a staircase to the Ecumenical Temple.
  2761 | Temple   | Found a transporter.
  2761 | Temple   | Found a transporter.
  2761 | Temple   | Found a transporter.
  2761 | Temple   | Found a transporter.
  2761 | Temple   | Entered the Ecumenical Temple
  2781 | Temple   | Became a worshipper of Warmaster Okawaru
  2899 | D:4      | Noticed a wyvern
  2906 | D:4      | Killed a wyvern
  2907 | D:4      | Reached XP level 7. HP: 7/46 MP: 7/7
  3051 | D:4      | Reached * piety under Okawaru
  3110 | D:4      | Noticed Eustachio
  3114 | D:4      | Killed Eustachio
  3115 | D:4      | Reached skill level 7 in Axes
  3115 | D:4      | Reached skill level 1 in Invocations
  3247 | D:4      | Noticed Natasha
  3255 | D:4      | Killed Natasha
  3393 | D:4      | Reached XP level 8. HP: 52/54 MP: 9/9
  3423 | D:4      | Reached skill level 8 in Axes
  3563 | D:4      | Found a shimmering blue altar of Sif Muna.
  3582 | D:4      | Got a clothbound book
  3823 | D:4      | Noticed Natasha
  3827 | D:4      | Killed Natasha
  3916 | D:4      | Noticed Natasha
  3923 | D:4      | Killed Natasha
  3938 | D:5      | Entered Level 5 of the Dungeon
  4570 | D:5      | Found a snail-covered altar of Cheibriados.
  4579 | D:5      | Reached ** piety under Okawaru
  5027 | D:5      | Found a broken altar of Ashenzari.
  5028 | D:5      | Found an opulent altar of Gozag.
  5031 | D:5      | Reached skill level 9 in Axes
  5032 | D:5      | Found a blossoming altar of Fedhas.
  5331 | D:5      | Found a runed translucent door.
  5333 | D:5      | Noticed MathMan16's ghost (novice HONe)
  5387 | D:5      | Reached XP level 9. HP: 59/59 MP: 11/11
  5420 | D:5      | Slain by an ice beast

Illustrated notes

Levels and vault maps discovered:
D:1:      nagdon_arrival_double_spiral, layout_loops_cross
D:2:      layout_loops_ring, serial_shops, nicolae_shop_bloodbath_and_beyond,
          minivault_25
D:3:      layout_basic
D:4:      layout_loops_ring, led_sif_book, minmay_temple_entry_trees,
          serial_bayou, serial_bayou_pond_b, serial_bayou_lake_a,
          serial_bayou_ford_a, serial_bayou_pond_e, guppyfry_early_orc_mine,
          uniq_natasha, uniq_eustachio, uniq_duvessa
D:5:      cheibrodos_helix_gallery, layout_basic, grunt_temple_overflow_open,
          mainiacjoe_overflow_catch_the_wave, gammafunk_ghost_grave,
          roderic_roman_lattice, kennysheep_pointless_box,
          hangedman_abyss_or_decor_lesser_grid
Temple:   hellmonk_temple_divided_pantheon

Skill      XL: |  1  2  3  4  5  6  7  8 |
---------------+-------------------------+-----
Axes           | 3 4 5 6 7 9 |  9.3
Stealth        | 2 3 4 |  4.4
Invocations    | 1 3 |  3.0
Fighting       | 4 |  4.7
Dodging        | |  3.6
Shields        | |  3.5

Action                     |  1- 3 |  4- 6 |  7- 9 || total
---------------------------+-------+-------+-------++-------
  Melee: War axe           |    35 |       |       ||    35
         Constrict         |     7 |    13 |    16 ||    36
         Tentacles         |     5 |     5 |    19 ||    29
         Executioner's axe |     5 |    51 |    86 ||   142
         Punch             |       |       |     1 ||     1
  Throw: Dart              |       |     3 |     9 ||    12
         Throwing net      |       |       |     1 ||     1
 Invoke: Heroism           |       |       |     1 ||     1
    Use: Potion            |       |     1 |     3 ||     4
   Stab: Sleeping          |     7 |     5 |    12 ||    24
         Distracted        |       |       |     2 ||     2
 Armour: Skin              |    28 |    47 |    41 ||   116
  Dodge: Dodged            |    23 |    48 |    39 ||   110
  Block: Buckler           |     7 |       |       ||     7

Table legend: (Time is in decaauts)
 A = Elapsed time spent in this place.
 B = Non-inter-level travel time spent in this place.
 C = Inter-level travel time spent in this place.
 D = Time resting spent in this place.
 E = Time spent auto-exploring this place.
 F = Levels seen in this place.
 G = Mean time per level.
                   A        B        C        D        E       F      G
               +--------+--------+--------+--------+--------+-----+--------+
         Total |   5526 |   5202 |    324 |   1252 |   3098 |   6 |  921.0 |
       Dungeon |   5487 |   5178 |    309 |   1252 |   3098 |   5 | 1097.4 |
        Temple |     38 |     24 |     14 |      0 |      0 |   1 |   38.0 |
               +--------+--------+--------+--------+--------+-----+--------+

Top non-repeatable levels by time:
     D:3: 1748 daAuts
     D:4: 1324 daAuts
     D:5: 893 daAuts
     D:2: 866 daAuts
     D:1: 655 daAuts
  Temple: 38 daAuts
